 Dungeon Crawl Stone Soup version 0.21-a0-618-g6cbd37f (webtiles) character file.

787 M4edhros the Sneak (level 7, -2/43 HPs)
             Began as an Octopode Artificer on Dec 23, 2017.
             Was a Believer of Cheibriados.
             Slain by a bullfrog (8 damage)
             ... on level 6 of the Dungeon.
             The game lasted 00:11:15 (2561 turns).

M4edhros the Sneak (Octopode Artificer)             Turns: 2561, Time: 00:11:16

Health: -2/43      AC:  1    Str: 15    XL:     7   Next: 87%
Magic:  11/11      EV: 16    Int: 18    God:    Cheibriados [**....]
Gold:   228        SH:  0    Dex: 18    Spells: 6/6 levels left

rFire    . . .     SeeInvis .     - Unarmed
rCold    . . .     Gourm    .   (no shield)
rNeg     . . .     Faith    .   (helmet restricted)
rPois    .         Spirit   .   (no amulet)
rElec    .         Reflect  .   (no ring)
rCorr    .         Harm     .   (no ring)
MR       .....                  (no ring)
Stlth    ++++......             (no ring)
HPRegen  0.14/turn              (no ring)
MPRegen  0.12/turn              (no ring)
                                (no ring)
                                (no ring)

@: very slow
A: almost no armour, stealthy swim, amphibious, 8 rings, constrict 8, camouflage
1, gelatinous body 1
a: Bend Time, Renounce Religion


You were on level 6 of the Dungeon.
You worshipped Cheibriados.
Cheibriados was pleased with you.
You were not hungry.

You visited 2 branches of the dungeon, and saw 7 of its levels.

You collected 228 gold pieces.

Inventory:

Hand Weapons
 a - a +1 short sword
Missiles
 l - 5 javelins (quivered)
Wands
 c - a wand of enslavement (9)
Scrolls
 b - a scroll of vulnerability {unknown}
 e - a scroll of blinking {unknown}
 g - a scroll of noise {unknown}
 i - a scroll of immolation
 j - 6 scrolls of teleportation
 n - 3 scrolls of fog
 o - a scroll of remove curse
Potions
 d - a potion of berserk rage {unknown}
 h - a potion of curing
Comestibles
 f - 8 rations
 k - 4 chunks of flesh


   Skills:
 - Level 1.0 Fighting
 - Level 1.0 Short Blades
 - Level 4.7 Dodging
 - Level 6.2 Stealth
 + Level 3.6 Unarmed Combat
 - Level 5.7 Evocations


You had 6 spell levels left.
You didn't know any spells.

Dungeon Overview and Level Annotations

Branches:
Dungeon (6/15)             Temple (1/1) D:4

Altars:
Ashenzari
Cheibriados
Fedhas
Nemelex Xobeh
Sif Muna
Trog
Vehumet
Yredelemnul
The Shining One

Annotations:
D:5 Grinder


Innate Abilities, Weirdness & Mutations

You cannot wear most types of armour.
You are very stealthy in the water. (Stealth+)
You are amphibious.
You can wear up to eight rings at the same time.
You can use your tentacles to constrict eight enemies at once.
Your skin changes colour to match your surroundings (Stealth+).
Your rubbery body absorbs attacks. (AC +1, EV +1)


Message History

The bullfrog croaks.
You hear a shout!
The ogre shouts!
An orc wizard comes into view. It is wielding a dagger.
The bullfrog hits you. The orc wizard casts a spell at you.
The magic dart hits you!
* * * LOW HITPOINT WARNING * * *
The bullfrog misses you.
You see here 13 gold pieces.
Unknown command.
Evoke which item? (* to show all) (? for menu, Esc to quit)
Aiming: Enslavement
Press: ? - help, Shift-Dir - straight line, f - bullfrog
Aim: a bullfrog (chance to defeat MR: 63%)
The ogre is charmed.
The bullfrog hits you.
* * * LOW HITPOINT WARNING * * *
The orc wizard mumbles some strange words.
The orc wizard flickers and vanishes!
Deactivating autopickup; reactivate with Ctrl-A.
The bullfrog hits you!
You die...

##...#..####. #.#
..5..(......† ...
##...(...### #.#
##......# #. #{.
#.......... #.#
#......####.#.#
#...........#.# ##.
####.#####....###.....
.# #.##F@O...... .#
#.##.######## ######
#.#...###### ......
#...#()(...# ######
#.....####.# #....##
#.....## #......#
###########..<...##


You could see a bullfrog and a friendly ogre.

Vanquished Creatures
  A bullfrog (D:6)
  A crimson imp (D:6)
  A centaur zombie (D:4)
  2 hounds
  An orc priest (D:5)
  An orc wizard (D:5)
  A centaur skeleton (D:4)
  An iguana (D:5)
  3 worker ants
  A howler monkey skeleton (D:4)
  8 adders
  2 shadow imps (D:6)
  An ooze (D:4)
  An adder skeleton (D:4)
  3 worms
  2 dart slugs
  3 leopard geckos
  14 orcs
  8 giant cockroaches
  5 hobgoblins
  10 jackals
  3 quokkas
  3 bats
  2 frilled lizards
  5 kobolds
  A quokka skeleton (D:4)
  A quokka zombie (D:6)
  4 rats
  A spectral orc (D:5)
90 creatures vanquished.

Vanquished Creatures (collateral kills)
  Sigmund (D:5)
  An iguana (D:5)
  A shadow imp (D:6)
  3 orcs (D:5)
  A giant cockroach (D:6)
7 creatures vanquished.

Vanquished Creatures (others)
  A centaur (D:6)
1 creature vanquished.

Grand Total: 98 creatures vanquished

Notes
Turn   | Place    | Note
-------+----------+-------------------------------------------
     0 | D:1      | M4edhros the Octopode Artificer began the quest for the Orb.
     0 | D:1      | Reached XP level 1. HP: 13/13 MP: 3/3
    44 | D:2      | Found a sparkling altar of Nemelex Xobeh.
    69 | D:2      | Reached skill level 2 in Stealth
    69 | D:2      | Reached XP level 2. HP: 18/18 MP: 4/4
   203 | D:3      | Reached XP level 3. HP: 23/23 MP: 5/5
   314 | D:3      | Reached skill level 3 in Stealth
   429 | D:4      | Reached XP level 4. HP: 13/28 MP: 7/7
   498 | D:4      | Reached skill level 4 in Stealth
   498 | D:4      | Reached XP level 5. HP: 10/33 MP: 8/8
   753 | D:4      | Found a staircase to the Ecumenical Temple.
   766 | D:4      | Reached XP level 6. HP: 20/38 MP: 9/9
   769 | Temple   | Entered the Ecumenical Temple
   775 | Temple   | Became a worshipper of Cheibriados the Contemplative
   927 | D:1      | Reached skill level 5 in Evocations
  1097 | D:1      | Found a glowing golden altar of the Shining One.
  1372 | D:3      | Reached skill level 5 in Stealth
  1382 | D:3      | Found a radiant altar of Vehumet.
  1740 | D:4      | Reached * piety under Cheibriados
  1802 | D:5      | Entered Level 5 of the Dungeon
  1860 | D:5      | Reached skill level 1 in Unarmed Combat
  1965 | D:5      | Noticed Sigmund
  1984 | D:5      | Killed Sigmund
  1984 | D:5      | Reached XP level 7. HP: 43/43 MP: 11/11
  2002 | D:5      | Reached skill level 6 in Stealth
  2077 | D:5      | Noticed Grinder
  2251 | D:5      | Found a basalt altar of Yredelemnul.
  2352 | D:6      | Reached ** piety under Cheibriados
  2561 | D:6      | Slain by a bullfrog

Vault maps used:
D:1:      minmay_arrival_jagged, tso_metal_star
D:2:      nicolae_overflow_hidden_temple, first_ration
D:3:      vehumet_crystals, feat_on_display, uniq_ijyb
D:4:      minmay_temple_entry_poolview
D:5:      yredelemnul_forgotten_temple_becter, uniq_grinder, uniq_sigmund
Temple:   eino_temple_rhombus

Skill      XL: |  1  2  3  4  5  6  7 |
---------------+----------------------+-----
Stealth        | 2 3 4 5 6 |  6.2
Evocations     | 4 5 |  5.7
Dodging        | 3 4 |  4.7
Unarmed Combat | 1 3 |  3.6
Fighting       | |  1.0
Short Blades   | |  1.0

Action                   |  1- 3 |  4- 6 |  7- 9 || total
-------------------------+-------+-------+-------++-------
Melee: Short sword       |    52 |   114 |    30 ||   196
       Constrict         |    15 |    28 |    15 ||    58
       Tentacles         |     9 |    20 |    10 ||    39
       Punch             |       |     1 |     2 ||     3
       Unarmed           |       |       |    20 ||    20
Evoke: Wand              |     4 |    16 |     5 ||    25
  Use: Scroll            |     6 |       |       ||     6
       Potion            |       |     4 |     2 ||     6
 Stab: Sleeping          |     6 |    17 |       ||    23
       Paralysed         |       |     2 |       ||     2
       Distracted        |       |     1 |     1 ||     2
  Eat: Chunk             |       |     4 |     1 ||     5
Armor: Skin              |     2 |     5 |     4 ||    11
Dodge: Dodged            |    38 |    76 |    45 ||   159

Table legend:
 A = Spawn XP
 B = Non-spawn XP
 C = Spawn XP percentage of total XP
 D = Spawn monster count
 E = Non-spawn monster count
 F = Spawn count percentage of total count
 G = Total turns spent on level
                    A         B        C        D         E        F      G
               +---------+---------+-------+---------+---------+-------+---------
         Total |       0 |    1125 |   0.0 |       0 |      97 |   0.0 |  2561
               +---------+---------+-------+---------+---------+-------+---------
           D:1 |       0 |      11 |   0.0 |       0 |       6 |   0.0 |   296
           D:2 |       0 |      57 |   0.0 |       0 |      15 |   0.0 |   418
           D:3 |       0 |      61 |   0.0 |       0 |      19 |   0.0 |   416
           D:4 |       0 |     289 |   0.0 |       0 |      21 |   0.0 |   694
           D:5 |       0 |     510 |   0.0 |       0 |      24 |   0.0 |   498
           D:6 |       0 |     197 |   0.0 |       0 |      12 |   0.0 |   226
               +---------+---------+-------+---------+---------+-------+---------
